 Dungeon Crawl Stone Soup version 0.26.0-16-gc1dbca0489 (webtiles) character file.

Game seed: 12756552302506812974

39 EnegeticOcto the Insei (level 3, -4/28 HPs)
             Began as a Gnoll Transmuter on Jan 18, 2021.
             Slain by a hobgoblin
             ... wielding a +0 club
              (5 damage)
             ... on level 3 of the Dungeon.
             The game lasted 00:02:38 (252 turns).

EnegeticOcto the Insei (Gnoll Transmuter)            Turns: 252, Time: 00:02:39

Health: -4/28      AC:  2    Str: 12    XL:     3   Next: 47%
Magic:  9/9        EV: 14    Int: 16    God:
Gold:   55         SH:  0    Dex: 15    Spells: 11/12 levels left

rFire    . . .     SeeInvis .     - Unarmed
rCold    . . .     Faith    .   (no shield)
rNeg     . . .     Spirit   .   a - +0 robe
rPois    .         Reflect  .   (helmet currently unavailable)
rElec    .         Harm     .   (no cloak)
rCorr    .         Rampage  .   (no gloves)
Will     .....                  (boots currently unavailable)
Stlth    ++........             (no amulet)
HPRegen  0.09/turn              (no ring)
MPRegen  0.11/turn              (no ring)

@: appendages
A: distributed training, fangs 1, horns 2, talons 2, strong nose
a: End Transformation


You were on level 3 of the Dungeon.
You had grown temporary horns.
You had grown temporary talons.
You visited 1 branch of the dungeon, and saw 3 of its levels.

You collected 55 gold pieces.

Inventory:

Armour
 a - a +0 robe (worn)
Scrolls
 c - a scroll of magic mapping {unknown}
 e - a scroll of identify {unknown}
 h - a scroll of teleportation {unknown}
 i - a scroll of remove curse {unknown}
Potions
 b - 3 potions of brilliance {unknown}
 d - a potion of curing {unknown}
 f - a potion of might {unknown}
 g - a potion of resistance {unknown}


   Skills:
 + Level 2.6 Fighting
 + Level 0.8 Short Blades
 + Level 0.8 Long Blades
 + Level 0.8 Axes
 + Level 0.8 Maces & Flails
 + Level 0.8 Polearms
 + Level 0.8 Staves
 + Level 0.8 Slings
 + Level 0.8 Bows
 + Level 0.8 Crossbows
 + Level 0.8 Throwing
 + Level 0.8 Armour
 + Level 4.5 Dodging
 + Level 0.8 Stealth
 + Level 0.8 Shields
 + Level 6.5 Unarmed Combat
 + Level 5.0 Spellcasting
 + Level 0.5 Conjurations
 + Level 0.5 Hexes
 + Level 0.5 Summonings
 + Level 0.5 Necromancy
 + Level 0.5 Translocations
 + Level 3.7 Transmutations
 + Level 0.5 Fire Magic
 + Level 0.5 Ice Magic
 + Level 0.5 Air Magic
 + Level 0.5 Earth Magic
 + Level 0.5 Poison Magic
 + Level 1.0 Invocations
 + Level 0.8 Evocations


You had 11 spell levels left.
You knew the following spells:

 Your Spells              Type           Power        Failure   Level
a - Beastly Appendage     Tmut           32%          3%          1

Your spell library contained the following spells:

 Spells                   Type           Power        Failure   Level
 Wereblood                Tmut           16%          4%          2
 Spider Form              Tmut/Pois      5%           19%         3
 Ice Form                 Ice/Tmut       11%          52%         4
 Blade Hands              Tmut           8%           65%         5


Dungeon Overview and Level Annotations

Branches:
Dungeon (3/15)

Altars:


Innate Abilities, Weirdness & Mutations

Your experience applies equally to all skills.
You have very sharp teeth.
Your uncanny sense of smell can sniff out nearby items.
You have a pair of horns on your head.
You have razor-sharp toenails.


Message History

You closely miss the kobold. Your bite misses the kobold.
The kobold is moderately wounded.
The kobold barely misses you.
You hit the kobold.
You kill the kobold!
You see here a scroll labelled UCUTSA HYOCON.
h - a scroll labelled UCUTSA HYOCON The dart slug launches a dart at you.
The slug dart hits you.
* * * LOW HITPOINT WARNING * * *
The dart slug bites you.
* * * LOW HITPOINT WARNING * * *
You hit the dart slug.
The dart slug is lightly wounded.
The dart slug completely misses you.
You punch the dart slug!
You kill the dart slug!
Your Spellcasting skill increases to level 5!
You now have 42 gold pieces (gained 15).
Found a scroll labelled JOS CUTEMOMAPS.
A goblin comes into view. It is wielding a +0 club.
Found 13 gold pieces.
You see here a scroll labelled JOS CUTEMOMAPS.
i - a scroll labelled JOS CUTEMOMAPS The goblin shouts!
You miss the goblin. The goblin hits you but does no damage.
You barely miss the goblin. You hit the goblin. You bite the goblin.
You kill the goblin!
Things that are here:
a +0 club; a goblin corpse You now have 55 gold pieces (gained 13).
An ooze comes into view.
The ooze quivers.
The ooze misses you.
You completely miss the ooze. You punch the ooze.
The ooze is lightly wounded.
The ooze closely misses you.
You hit the ooze.
The ooze is lightly wounded.
The ooze closely misses you.
You hit the ooze. You bite the ooze, but do no damage.
The ooze is heavily wounded.
The ooze closely misses you.
You punch the ooze!
You kill the ooze!
A bat, a rat and an orc come into view.
Found four items.
A bat and a hobgoblin come into view.
Found a sapphire potion, a fuming inky potion and 18 gold pieces.
The orc shouts!
You hear a bark!
A jackal comes into view.
You are too injured to fight recklessly!
You closely miss the rat. Your bite misses the rat. You barely miss the rat.
The rat bites you.
Casting: Beastly Appendage (safe; 3% risk of failure)
Confirm with . or Enter, or press ? or * to list all spells.
You grow a pair of large bovine horns.
Your feet morph into talons.
The rat closely misses you.
You punch the rat!
You kill the rat!
The bat hits you but does no damage.
You hit the bat.
You kill the bat!
The jackal misses you.
You hit the jackal. You claw the jackal, but do no damage.
The jackal is lightly wounded.
The jackal bites you.
* * * LOW HITPOINT WARNING * * *
You hit the jackal but do no damage. You headbutt the jackal.
You kill the jackal!
The bat hits you but does no damage.
You hit the orc. Your kick misses the orc.
The orc is heavily wounded.
The orc misses you.
You punch the orc!
You kill the orc!
The bat hits you.
* * * LOW HITPOINT WARNING * * *
Your Invocations skill increases to level 1!
The hobgoblin hits you with a +0 club.
* * * LOW HITPOINT WARNING * * *
The bat hits you.
* * * LOW HITPOINT WARNING * * *
Things that are here:
a +0 club; an orc corpse; a jackal corpse The bat hits you.
* * * LOW HITPOINT WARNING * * *
The bat closely misses you. The hobgoblin barely misses you.
Things that are here:
a +0 club; an orc corpse; a jackal corpse The bat hits you.
* * * LOW HITPOINT WARNING * * *
You hit the bat but do no damage. You claw the bat.
You kill the bat!
You hit the hobgoblin.
You claw the hobgoblin, but do no damage.
The hobgoblin is severely wounded.
The hobgoblin hits you with a +0 club.
You die...

..
#..######..#..##.#...
. ##.##..h
##.##.##...†.
#..#.o$∆∆
#..#........ #..#.?#
∆.#..#.###....
∆#....)##g.#..#.#
##...
#....b!!..#..#.# ##.#
∆ #.......##.##.. #.#
#.†######..# #.#
##.g@.....## ..#
###....### ### ######


You could see a hobgoblin.

Vanquished Creatures
  An adder (D:3)
  2 oozes
  A worm (D:3)
  A dart slug (D:3)
  An orc (D:3)
  4 bats
  4 goblins
  A jackal (D:3)
  A kobold (D:3)
  A rat (D:3)
17 creatures vanquished.

Notes
Turn   | Place    | Note
-------+----------+-------------------------------------------
     0 | D:1      | EnegeticOcto the Gnoll Transmuter began the quest for the
                  | Orb.
     0 | D:1      | Reached XP level 1. HP: 17/17 MP: 6/6
   100 | D:2      | Reached XP level 2. HP: 23/23 MP: 7/7
   175 | D:3      | Reached XP level 3. HP: 10/28 MP: 9/9
   187 | D:3      | Reached skill level 5 in Spellcasting
   247 | D:3      | Reached skill level 1 in Invocations
   250 | D:3      | HP: 1/28 [bat (1)]
   252 | D:3      | Slain by a hobgoblin

Illustrated notes

Levels and vault maps discovered:
D:1:      roderic_dead_forest, layout_loops_ring
D:2:      layout_basic, uniq_robin, uniq_jessica
D:3:      layout_loops_ring, minmay_randomly_rotated_circles

Skill      XL: |  1  2  3 |
---------------+----------+-----
Spellcasting   | 5 |  5.0
Invocations    | 1 |  1.0
Fighting       | |  2.6
Short Blades   | |  0.8
Long Blades    | |  0.8
Axes           | |  0.8
Maces & Flails | |  0.8
Polearms       | |  0.8
Staves         | |  0.8
Slings         | |  0.8
Bows           | |  0.8
Crossbows      | |  0.8
Throwing       | |  0.8
Armour         | |  0.8
Dodging        | |  4.5
Stealth        | |  0.8
Shields        | |  0.8
Unarmed Combat | |  6.5
Conjurations   | |  0.5
Hexes          | |  0.5
Summonings     | |  0.5
Necromancy     | |  0.5
Translocations | |  0.5
Transmutations | |  3.7
Fire Magic     | |  0.5
Ice Magic      | |  0.5
Air Magic      | |  0.5
Earth Magic    | |  0.5
Poison Magic   | |  0.5
Evocations     | |  0.8

Action                   || total
-------------------------++-------
Melee: Unarmed           ||    58
       Bite              ||     4
       Punch             ||     2
       Kick              ||     3
       Headbutt          ||     1
 Cast: Beastly Appendage ||     1
 Stab: Sleeping          ||     1
Armor: Robe              ||    14
Dodge: Dodged            ||    49
